 Dungeon Crawl Stone Soup version 0.19-a0-330-g034cfd4 (webtiles) character file.

131 Chemotherapy the Cutter (level 5, -1/35 HPs)
             Began as a Halfling Gladiator on May 28, 2016.
             Killed by divine providence
             ... invoked by an orc priest
              (13 damage)
             ... on level 3 of the Dungeon.
             The game lasted 00:03:22 (1848 turns).

Chemotherapy the Cutter (Halfling Gladiator)        Turns: 1848, Time: 00:03:22

Health: -1/35      AC:  4    Str: 16    XL:     5   Next: 37%
Magic:  5/5        EV: 16    Int:  7    God:
Gold:   65         SH:  0    Dex: 15    Spells: 0 memorised, 4 levels left

rFire  . . .     SeeInvis .     a - +0 rapier
rCold  . . .     Gourm    .     b - +0 leather armour
rNeg   + . .     Faith    .     (shield restricted)
rPois  .         Spirit   .     c - +0 helmet
rElec  .         Dismiss  .     (no cloak)
rCorr  .         Reflect  .     (no gloves)
SustAt .         Harm     .     (no boots)
MR     .....                    (no amulet)
Stlth  ++........               (no ring)
                                p - ring of positive energy {rN+}

@: drained, not resistant to hostile enchantments, unstealthy
A: mutation resistance 1
a: no special abilities


You were on level 3 of the Dungeon.
You were not hungry.

You visited 1 branch of the dungeon, and saw 4 of its levels.

You collected 65 gold pieces.

Inventory:

Hand Weapons
 a - a +0 rapier (weapon)
Missiles
 d - 3 throwing nets {=f, !d}
Armour
 b - a +0 leather armour (worn)
 c - a +0 helmet (worn)
Jewellery
 p - a ring of positive energy (left hand) {rN+}
   (You found it on level 2 of the Dungeon)
 v - an uncursed amulet of faith {Faith, !P}
   (You found it on level 3 of the Dungeon)
Scrolls
 e - a scroll of enchant weapon {unknown}
 i - a scroll of blinking {unknown}
 k - a scroll of remove curse {unknown}
 o - 2 scrolls of amnesia {unknown}
 q - a scroll of random uselessness {unknown}
 r - a scroll of identify {unknown}
 t - a scroll of fog {unknown}
 u - a scroll of enchant armour {unknown}
Potions
 h - a potion of lignification {unknown}
 l - a potion of curing
 m - a potion of mutation {unknown}
 s - a potion of agility {unknown}
Comestibles
 f - 2 bread rations {@e1}
 g - a meat ration {@e2}
 j - 5 chunks of flesh {@w0}
 n - a royal jelly


   Skills:
 + Level 2.5(2.1) Fighting
 * Level 5.7(5.2) Short Blades
 - Level 2.1(1.8) Throwing
 + Level 4.1(3.7) Dodging
 + Level 2.0(1.6) Stealth


You had 4 spell levels left.
You didn't know any spells.

Dungeon Overview and Level Annotations

Branches:
Dungeon (4/15)
 Temple: D:4-7

Altars:
Elyvilon
Qazlal


Innate Abilities, Weirdness & Mutations

You are small and have problems with some larger weapons.
You are somewhat resistant to further mutation.


Message History

w - a coppery potion You regained 4 hp, and now have 23/35 hp.
An orc and an orc wizard come into view.
The orc is wielding a dagger of draining.
An orc comes into view. It is wielding a dagger.
The orc shouts!
The orc wizard shouts!
The orc shouts!
You hear a shout!
You barely miss the orc wizard. The orc wizard closely misses you.
You closely miss the orc wizard. You barely miss the orc wizard.
The orc wizard mumbles some strange words.
The orc wizard blinks!
You closely miss the orc.
The orc wizard points at you and mumbles some strange words.
The magic dart hits you!
The orc hits you with a dagger of draining.
You partially resist.
You feel drained.
You take 10 damage, and have 14/35 hp.
MASSIVE DAMAGE!!
Drink which item? (? for menu, Esc to quit)
It was a potion of curing.
You feel better.
You regained 7 hp, and now have 21/35 hp.
You hit the orc.
The orc wizard gestures wildly while chanting.
The orc wizard blinks!
You hit the orc.
You kill the orc!
You closely miss the orc.
The orc wizard hits you but does no damage.
The orc closely misses you.
You barely miss the orc wizard. The orc wizard completely misses you.
The orc hits you with a dagger of draining.
You partially resist.
You feel drained.
You take 1 damage, and have 20/35 hp.
You hit the orc wizard but do no damage.
The orc wizard hits you but does no damage.
The orc closely misses you.
You barely miss the orc wizard. The orc wizard hits you with a dagger.
The orc misses you.
You take 3 damage, and have 17/35 hp.
You hit the orc wizard.
The orc wizard gestures wildly while chanting.
The orc wizard seems to speed up.
The orc hits you with a dagger of draining.
You partially resist.
You feel drained.
You take 4 damage, and have 13/35 hp.
Drink which item? (? for menu, Esc to quit)
It was a potion of heal wounds.
You feel much better.
The orc wizard casts a spell.
The orc wizard blinks!
The orc hits you but does no damage. You partially resist.
You feel drained.
You regained 20 hp, and now have 33/35 hp.
The orc wizard completely misses you. The orc wizard barely misses you.
You hit the orc wizard.
The orc hits you with a dagger of draining.
You partially resist.
You feel drained. The orc wizard barely misses you.
You take 1 damage, and have 33/35 hp.
You hit the orc wizard.
You kill the orc wizard!
Your base Stealth skill increases to level 2!
The orc completely misses you.
An orc priest comes into view. It is wielding a flail.
Things that are here:
a dagger; a robe; an orc corpse You hit the orc.
The orc barely misses you.
You hit the orc.
You kill the orc!
The orc priest hits you with a flail!
Items here: )) [[ † a dagger of draining; a leather armour; a dagger; a robe; an orc corpse You take 7 damage, and have 26/35 hp.
You hit the orc priest. The orc priest misses you.
You hit the orc priest but do no damage.
The orc priest closely misses you.
You hit the orc priest but do no damage.
You hit the orc priest but do no damage.
The orc priest hits you with a flail.
You take 5 damage, and have 22/35 hp.
You barely miss the orc priest.
The orc priest invokes the aid of Beogh against you.
Beogh smites you!
You take 8 damage, and have 14/35 hp.
MASSIVE DAMAGE!!
You closely miss the orc priest.
The orc priest calls down the wrath of Beogh upon you.
Pain shoots through your body!
* * * LOW HITPOINT WARNING * * *
You take 11 damage, and have 3/35 hp.
MASSIVE DAMAGE!!
Drink which item? (? for menu, Esc to quit)
You feel better.
The orc priest invokes the aid of Beogh against you.
Beogh smites you!
You die...

.# #.#.##.##...#.#.# #.#
#.#.).....#.#...# #.#
#.#.#######.######## #.#
#...#.. #......... #.#
###.#.# #.#####.## ## #.#
#.#.# #.#...# .####.#
#.#.#####.###.# ......#
#.#...........#
...##.########.#@###########
..###........<.#o# .##
#.####.#...#.# ##
#..........#.#
#..........#)#
#..........#..
#####..........####
#.................####
#....................#


You could see an orc priest.

Vanquished Creatures
  An orc wizard (D:3)
  A worker ant (D:3)
  2 adders (D:2)
  An ooze (D:1)
  2 worms
  3 dart slugs (D:1)
  2 orcs (D:3)
  A ball python (D:1)
  11 bats
  2 giant cockroaches
  4 goblins
  4 hobgoblins
  3 giant newts
  7 kobolds
  7 rats
51 creatures vanquished.

Notes
Turn   | Place    | Note
--------------------------------------------------------------
     0 | D:1      | Chemotherapy the Halfling Gladiator began the quest for the Orb.
     0 | D:1      | Reached XP level 1. HP: 14/14 MP: 1/1
   126 | D:1      | Reached XP level 2. HP: 19/19 MP: 2/2
   197 | D:1      | Reached skill level 2 in Fighting
   406 | D:1      | Reached XP level 3. HP: 22/24 MP: 3/3
   819 | D:2      | Reached skill level 1 in Stealth
  1023 | D:2      | Reached skill level 5 in Short Blades
  1023 | D:2      | Reached XP level 4. HP: 26/29 MP: 4/4
  1226 | D:2      | You fall through a shaft for 2 floors!
  1232 | D:4      | Noticed a phantom
  1233 | D:4      | Found a white marble altar of Elyvilon.
  1525 | D:2      | Found a stormy altar of Qazlal.
  1638 | D:3      | Reached skill level 4 in Dodging
  1772 | D:3      | Reached XP level 5. HP: 19/35 MP: 5/5
  1836 | D:3      | Reached skill level 2 in Stealth
  1847 | D:3      | HP: 3/35 [orc priest/nerve-wracking pain (11)]
  1848 | D:3      | Killed from afar by an orc priest

Vault maps used:
D:1:      dpeg_arrival_shrine, due_unseen_surprise
D:2:      nicolae_qazlal_eye_of_the_storm
D:3:      mumra_celtic_spiral_tile, saegor_snake_ambush
D:4:      nicolae_tso_besieged_by_evil, first_bread, serial_glass,
          glass_columns_a, glass_columns_b, elyvilon_altar_5

Skill      XL: |  1  2  3  4  5 |
---------------+----------------+-----
Fighting       | 2 |  2.5
Stealth        | 1 2 |  2.0
Short Blades   | 5 |  5.7
Dodging        | 4 |  4.1
Throwing       | |  2.1

Action                   |  1- 3 |  4- 6 || total
-------------------------+-------+-------++-------
Melee: Rapier            |    75 |    99 ||   174
  Use: Potion            |       |     3 ||     3
 Stab: Sleeping          |     2 |     1 ||     3
  Eat: Chunk             |       |     3 ||     3
Armor: Leather armour    |    19 |    24 ||    43
Dodge: Dodged            |    72 |   118 ||   190

Vault maps used:
D:1:      dpeg_arrival_shrine, due_unseen_surprise
D:2:      nicolae_qazlal_eye_of_the_storm
D:3:      mumra_celtic_spiral_tile, saegor_snake_ambush
D:4:      nicolae_tso_besieged_by_evil, first_bread, serial_glass,
          glass_columns_a, glass_columns_b, elyvilon_altar_5

Table legend:
 A = Turns spent in this place as a percentage of turns spent in the entire game.
 B = Non-inter-level travel turns spent in this place as a percentage of non-inter-level travel turns spent in the entire game.
 C = Inter-level travel turns spent in this place as a percentage of turns spent in this place.
 D = Turns resting spent in this place as a percentage of non-inter-level travel turns spent in this place.
 E = Turns spent auto-exploring this place as a percentage of non-inter-level travel turns spent in this place.
 F = Non-inter-level travel turns spent in this place divided by the number of levels of this place that you've seen.
                   A       B       C       D       E      F
               +-------+-------+-------+-------+-------+----------------------
         Total | 100.0 | 100.0 |   0.3 |   0.4 |  12.1 | 142.5
       Dungeon | 100.0 | 100.0 |   0.3 |   0.4 |  12.1 | 142.5
               +-------+-------+-------+-------+-------+----------------------

Table legend:
 A = Kills in this place as a percentage of kills in entire the game.
 B = Kills by you in this place as a percentage of kills by you in the entire game.
 C = Kills by friends in this place as a percentage of kills by friends in the entire game.
 D = Other kills in this place as a percentage of other kills in the entire game.
 E = Experience gained in this place as a percentage of experience gained in the entire game.
 F = Experience gained in this place divided by the number of levels of this place that you have seen.
                   A       B       C       D       E      F
               +-------+-------+-------+-------+-------+----------------------
         Total | 100.0 | 100.0 |  -nan |  -nan | 100.0 |  47.0
       Dungeon | 100.0 | 100.0 |  -nan |  -nan | 100.0 |  47.0
               +-------+-------+-------+-------+-------+----------------------
